 Dungeon Crawl Stone Soup version 0.24.1-5-g77f818bfca (webtiles) character file.

Game seed: 12822306402109664406, levelgen mode: deterministic

1731 Gildeon the Cleaver (level 9, -3/66 HPs)
             Began as a Formicid Fighter on Apr 25, 2020.
             Was an Initiate of Qazlal.
             Killed by divine providence
             ... invoked by an orc priest
              (15 damage)
             ... on level 8 of the Dungeon.
             The game lasted 00:15:53 (7152 turns).

Gildeon the Cleaver (Formicid Fighter)              Turns: 7152, Time: 00:15:53

Health: -3/66      AC: 13    Str: 24    XL:     9   Next: 25%
Magic:  0/9        EV:  6    Int: 10    God:    Qazlal [......]
Gold:   477        SH:  0    Dex: 10    Spells: 8/8 levels left

rFire    . . .     SeeInvis +   r - +0 broad axe
rCold    . . .     Gourm    .   c - +0 shield
rNeg     . . .     Faith    .   E - +0 plate armour
rPois    .         Spirit   +   (helmet unavailable)
rElec    .         Reflect  .   (no cloak)
rCorr    .         Harm     .   D - +0 pair of gloves
MR       .....                  (no boots)
Stlth    ..........             s - amulet of guardian spirit
HPRegen  0.21/turn              G - +2 ring of strength
MPRegen  0.11/turn              (no ring)

@: confused
A: permanent stasis, dig shafts and tunnels, four strong arms, antennae 3
a: Dig, Shaft Self, Renounce Religion


You were on level 8 of the Dungeon.
You worshipped Qazlal.
Qazlal was noncommittal.
You were not hungry.

You visited 2 branches of the dungeon, and saw 9 of its levels.

You collected 477 gold pieces.

Inventory:

Hand Weapons
 r - a +0 broad axe (weapon)
 w - a +0 hand axe of flaming
Armour
 c - a +0 shield (worn)
 D - a +0 pair of gloves (worn)
 E - a +0 plate armour (worn)
Jewellery
 s - an amulet of guardian spirit (around neck)
 F - a +3 ring of dexterity {unknown}
 G - a +2 ring of strength (left hand)
Wands
 a - a wand of digging (10)
 h - a wand of flame (39)
 J - a wand of acid (7)
 K - a wand of enslavement (12)
Scrolls
 b - a scroll of magic mapping {unknown}
 e - 7 scrolls of remove curse
 j - a scroll of enchant armour {unknown}
 k - a scroll of fog {unknown}
 l - 2 scrolls of fear
 n - a scroll of random uselessness {unknown}
 u - a scroll of amnesia {unknown}
 x - a scroll of noise {unknown}
 y - a scroll of enchant weapon {unknown}
 C - a scroll of acquirement {unknown}
Potions
 d - a potion of might
 g - 2 potions of heal wounds {unknown}
 i - 2 potions of lignification
 m - 3 potions of brilliance {unknown}
 o - a potion of ambrosia {unknown}
 p - 3 potions of curing
 q - 2 potions of flight
 t - a potion of agility {unknown}
 v - a potion of berserk rage {unknown}
 z - a potion of invisibility {unknown}
 A - 2 potions of mutation {unknown}
 B - a potion of cancellation {unknown}
 I - a potion of degeneration {unknown}
Comestibles
 f - 11 rations
 H - 3 chunks of flesh


   Skills:
 + Level 4.5 Fighting
 - Level 10.0 Axes
 + Level 4.4 Armour
 + Level 2.2 Dodging
 + Level 4.9 Shields


You had 8 spell levels left.
You didn't know any spells.
Your spell library was empty.

Dungeon Overview and Level Annotations

Branches:
Dungeon (8/15)             Temple (1/1) D:7
   Lair: D:8-11

Altars:
Ashenzari
Cheibriados
Dithmenos
Elyvilon
Fedhas
Gozag
Hepliaklqana
Kikubaaqudgha
Makhleb
Nemelex Xobeh
Okawaru
Qazlal
Ru
Sif Muna
Trog
Uskayaw
Vehumet
Wu Jian
Xom
Yredelemnul
Zin
The Shining One

Shops:
D:6 }


Innate Abilities, Weirdness & Mutations

You cannot be hasted, slowed, berserked, paralysed or teleported.
You can dig through walls and to a lower floor.
Your four strong arms can wield two-handed weapons with a shield.
You have a pair of large antennae on your head. (SInv)


Message History

You are confused.
The orc warrior hits you with a +0 glaive!
The orc wizard hits you but does no damage.
Your shield and plate armour prevent you from hitting the orc warrior.
You completely miss the orc wizard. The orc warrior barely misses you.
The orc wizard hits you with a +0 dagger.
You're too confused to move!
The orc wizard mumbles some strange words.
The orc wizard blinks!
The orc warrior hits you with a +0 glaive!!
You barely miss the orc warrior. You barely miss the orc wizard.
The orc priest miscasts a cantrip.
The orc wizard mumbles some strange words.
The orc wizard blinks!
The orc wizard hits you but does no damage.
The orc warrior hits you with a +0 glaive!!
* * * LOW HITPOINT WARNING * * *
The orc priest calls down the wrath of Beogh upon you.
Beogh smites you!
You die...

##.#... #####....# .#
.........# ยง#
.........# #.##
.........# ...
.........# ##..
#####..#.# ##o.
#.##.### #.o#
#.##...# #o@# #
#<####.# ##..##.###
#.####.###..........
#.............#...#.
....####..##.(##.#...
...## #.............
{##.# #)...........(
#.# ##)##.........<
#.####..##..........


You could see an orc warrior, an orc priest and an orc wizard.

Vanquished Creatures
  2 orc warriors
  A black bear (D:7)
  A phantom (D:7)
  An ogre (D:6)
  A centaur (D:6)
  2 bullfrogs
  A scorpion (D:6)
  A vampire bat (D:3)
  A howler monkey (D:5)
  3 crimson imps
  2 hounds
  2 jellies
  4 orc priests
  An orc wizard (D:3)
  A centaur skeleton (D:4)
  4 iguanas
  Ijyb (D:5)
  3 worker ants
  2 hound skeletons
  10 adders
  2 gnolls (D:1)
  An ooze (D:3)
  An adder skeleton (D:6)
  2 adder zombies
  2 worms
  2 dart slugs
  3 fire bats (D:3)
  3 leopard geckos
  15 orcs
  2 spectral bats (D:3)
  3 bat skeletons (D:3)
  A bat zombie (D:3)
  4 giant cockroaches
  5 goblins
  13 hobgoblins
  12 jackals
  3 kobolds (D:2)
  4 quokkas
  2 ball pythons
  16 bats
  A bat simulacrum (D:3)
  4 frilled lizards
  2 quokka skeletons
  7 rats
154 creatures vanquished.

Notes
Turn   | Place    | Note
-------+----------+-------------------------------------------
     0 | D:1      | Gildeon the Formicid Fighter began the quest for the Orb.
     0 | D:1      | Reached XP level 1. HP: 18/18 MP: 1/1
    54 | D:1      | Reached XP level 2. HP: 15/24 MP: 2/2
   178 | D:1      | Reached skill level 3 in Axes
   270 | D:1      | Reached XP level 3. HP: 17/29 MP: 3/3
   882 | D:2      | Reached skill level 4 in Axes
   882 | D:2      | Reached XP level 4. HP: 19/35 MP: 4/4
  1921 | D:3      | Reached XP level 5. HP: 38/41 MP: 5/5
  1929 | D:3      | Reached skill level 5 in Axes
  1977 | D:3      | Reached XP level 6. HP: 22/47 MP: 6/6
  2419 | D:3      | Reached skill level 6 in Axes
  3569 | D:4      | Reached XP level 7. HP: 13/52 MP: 7/7
  3845 | D:4      | Reached skill level 7 in Axes
  4180 | D:5      | Entered Level 5 of the Dungeon
  4209 | D:5      | Noticed Ijyb
  4245 | D:5      | Killed Ijyb
  4336 | D:5      | Found a glowing golden altar of the Shining One.
  4552 | D:5      | Reached skill level 8 in Axes
  4677 | D:5      | Found a shattered altar of Ashenzari.
  4955 | D:6      | Found a burning altar of Makhleb.
  4969 | D:6      | Reached XP level 8. HP: 38/58 MP: 4/8
  5162 | D:6      | Reached skill level 9 in Axes
  5511 | D:6      | Found Kuted's Gadget Shoppe.
  6418 | D:7      | Reached skill level 10 in Axes
  6451 | D:7      | Found a staircase to the Ecumenical Temple.
  6480 | D:7      | Reached skill level 1 in Dodging
  6480 | D:7      | Reached XP level 9. HP: 55/65 MP: 7/9
  6515 | Temple   | Entered the Ecumenical Temple
  6522 | Temple   | Became a worshipper of Qazlal Stormbringer
  7152 | D:8      | Killed from afar by an orc priest

Levels and vault maps discovered:
D:1:      dpeg_arrival_rooms_b, layout_basic
D:2:      layout_basic, serial_aquarium, aquarium_bridge_long_joined
          [aquarium_subvault_window, aquarium_subvault_bridge,
          aquarium_subvault_window, aquarium_subvault_bridge,
          aquarium_subvault_bridge, aquarium_subvault_bridge],
          aquarium_bridge_square [aquarium_subvault_window,
          aquarium_subvault_bridge, aquarium_subvault_bridge,
          aquarium_subvault_wall], aquarium_window_double, aquarium_window_fake,
          aquarium_window_3, aquarium_view_2d, aquarium_balcony_3b,
          first_ration, minmay_quadrilaterals
D:3:      layout_loops_corners, goddamned_bats
D:4:      layout_basic
D:5:      layout_basic, tso_metal_star, evilmike_ruin_ashenzari, uniq_ijyb
D:6:      layout_gridville, serial_shops, nicolae_shop_crystal, basic_altar,
          minmay_bent
D:7:      layout_loops_ring, minmay_temple_entry_sparse_star
D:8:      layout_rooms
Temple:   grunt_wide_crystal_templ

Skill      XL: |  1  2  3  4  5  6  7  8  9 |
---------------+----------------------------+-----
Axes           | 3 4 5 6 8 10 | 10.0
Shields        | 4 |  4.9
Dodging        | 1 2 |  2.2
Fighting       | 4 |  4.5
Armour         | 4 |  4.4

Action                   |  1- 3 |  4- 6 |  7- 9 || total
-------------------------+-------+-------+-------++-------
Melee: War axe           |    61 |    51 |       ||   112
       Broad axe         |       |   178 |   284 ||   462
Evoke: Wand              |       |       |     6 ||     6
  Use: Scroll            |       |     4 |     3 ||     7
 Stab: Distracted        |       |       |     1 ||     1
  Eat: Chunk             |       |     9 |    12 ||    21
Armor: Scale mail        |    38 |   167 |    68 ||   273
       Plate armour      |       |       |    36 ||    36
Dodge: Dodged            |    26 |    97 |    74 ||   197
Block: Shield            |    49 |   180 |   136 ||   365
